 Dungeon Crawl Stone Soup version 0.30-a0-1043-g60ff8d5f49 (webtiles) character file.

Game seed: 1554665943793012343

30 greenreed the Sneak (level 3, -2/16 HPs)
             Began as a Spriggan Enchanter on Apr 9, 2023.
             Slain by a sky beast (5 damage)
             ... on level 4 of the Dungeon.
             The game lasted 00:02:21 (856 turns).

greenreed the Sneak (Spriggan Enchanter)             Turns: 856, Time: 00:02:21

Health: -2/16      AC:  2    Str:  4    XL:     3   Next: 5%
Magic:  8/8        EV: 17    Int: 18    God:
Gold:   91         SH:  0    Dex: 15    Spells: 6/8 levels left

rFire   . . .      SeeInvis +    a - +1 dagger
rCold   . . .      Faith    .    (no shield)
rNeg    . . .      Spirit   .    b - +0 robe
rPois   .          Reflect  .    (helmet restricted)
rElec   .          Rampage  .    (no cloak)
rCorr   .                        (gloves unavailable)
Will    .....                    (boots unavailable)
Stlth   +++                      (no amulet)
HPRegen 0.22/turn                (no ring)
MPRegen 0.11/turn                (no ring)

@: very quick
A: very small, no large weapons, unfitting armour, see invisible, speed 3
a: no special abilities


You were on level 4 of the Dungeon.
You visited 1 branch of the dungeon, and saw 4 of its levels.

You collected 91 gold pieces.

Inventory:

Hand Weapons
 a - a +1 dagger (weapon)
Armour
 b - a +0 robe (worn)
Jewellery
 j - a ring of flight
Scrolls
 f - a scroll of acquirement {unknown}
 g - a scroll of teleportation {unknown}
 h - a scroll of magic mapping {unknown}
 i - a scroll of enchant armour {unknown}
 k - a scroll of identify {unknown}
 l - a scroll of fear {unknown}
Potions
 c - 2 potions of invisibility
 d - a potion of heal wounds {unknown}
 e - 2 potions of might {unknown}


   Skills:
 + Level 1.5 Short Blades
 + Level 3.1 Dodging
 - Level 4.4 Stealth
 * Level 3.3 Spellcasting
 * Level 4.2 Hexes


You had 6 spell levels left.
You knew the following spells:

 Your Spells              Type           Power      Damage    Failure   Level
a - Ensorcelled Hibernat  Hex/Ice        20%        N/A       10%         2

Your spell library contained the following spells:

 Spells                   Type           Power      Damage    Failure   Level
 Confusing Touch          Hex            18%        N/A       9%          3
 Tukima's Dance           Hex            18%        N/A       9%          3
 Dazzling Flash           Conj/Hex       20%        N/A       21%         3
 Gell's Gravitas          Tloc           3%         N/A       43%         3
 Teleport Other           Tloc           3%         N/A       43%         3
 Dispersal                Tloc           1%         N/A       100%        6


Dungeon Overview and Level Annotations

Branches:
Dungeon (4/15)
 Temple: D:4-7

Altars:


Innate Abilities, Weirdness & Mutations

You are very small and have problems with some larger weapons.
You are too small for most types of armour.
You have supernaturally acute eyesight. (SInv)
You cover ground extremely quickly. (Speed+++)


Message History

You hit the sky beast.
The sky beast is lightly wounded.
The sky beast misses you.
You hit the sky beast.
The sky beast is lightly wounded.
The sky beast completely misses you.
You barely miss the sky beast.
The sky beast is lightly wounded.
The sky beast closely misses you.
You miss the sky beast.
The sky beast is lightly wounded.
The sky beast hits you but does no damage.
You hit the sky beast.
The sky beast is moderately wounded.
The sky beast closely misses you.
You completely miss the sky beast.
The sky beast is moderately wounded.
The sky beast hits you. The sky beast shocks you.
You hit the sky beast but do no damage.
The sky beast is moderately wounded.
You completely miss the sky beast.
The sky beast is moderately wounded.
The sky beast hits you. The sky beast shocks you.
* * * LOW HITPOINT WARNING * * *
You are too injured to fight recklessly!
You are too injured to fight recklessly!
You are too injured to fight recklessly!
You are too injured to fight recklessly!
You are too injured to fight recklessly!
You are too injured to fight recklessly!
You are too injured to fight recklessly!
You hit the sky beast.
The sky beast is heavily wounded.
The sky beast completely misses you.
You hit the sky beast.
The sky beast is heavily wounded.
The sky beast hits you.
* * * LOW HITPOINT WARNING * * *
The sky beast shocks you.
You die...

.... ...... .P.
...... P.####......
......... ........
#....# #Y...# ##
#.@..# .#.#
#....#####...#
#...).....#..#
#####..##.#..###
##..........
###........
#######.###.... ####
#####.......# ..
#.<#####.....#######


You could see a sky beast.

Vanquished Creatures
  5 endoplasms
  A giant cockroach (D:1)
  2 goblins (D:1)
  4 hobgoblins
  2 quokkas (D:1)
  3 ball pythons
  3 bats (D:1)
  6 kobolds
  2 rats (D:1)
28 creatures vanquished.

Notes
Turn   | Place    | Note
-------+----------+-------------------------------------------
     0 | D:1      | greenreed the Spriggan Enchanter began the quest for the
                  | Orb.
     0 | D:1      | Reached XP level 1. HP: 9/9 MP: 5/5
   104 | D:1      | You fall into a shaft and drop 1 floor!
   185 | D:2      | Reached XP level 2. HP: 13/13 MP: 7/7
   190 | D:2      | Learned a level 2 spell: Ensorcelled Hibernation
   775 | D:2      | Reached XP level 3. HP: 16/16 MP: 8/8
   838 | D:4      | Noticed a sky beast
   856 | D:4      | Slain by a sky beast

Illustrated notes

Levels and vault maps discovered:
D:1:      saegor_arrival_simple_d, layout_loops_cross,
          nicolae_concentric_dashed_squares_wild, minmay_hexomino_f4
D:2:      layout_rooms, st_stairs_2, kennysheep_small_spiral
D:3:      cheibrodos_helix_gallery, layout_rooms, bloody_makhleb,
          ebering_ecumenical_altar_sacrificial, serial_shops, shop_fountains,
          skrybe_limestone_x, uniq_jessica, uniq_natasha
D:4:      layout_rooms, nicolae_overflow_crystal_walls,
          mainiacjoe_overflow_catch_the_wave, cheibrodos_sewer_entry_bend,
          chequers_avenue

Skill      XL: |  1  2 |
---------------+-------+-----
Spellcasting   | 3 |  3.3
Hexes          | 4 |  4.2
Dodging        | 3 |  3.1
Short Blades   | |  1.5
Stealth        | |  4.4

Action                     || total
---------------------------++-------
  Melee: Dagger            ||    85
   Stab: Sleeping          ||     8
 Armour: Robe              ||    10
  Dodge: Dodged            ||    50

Table legend: (Time is in decaauts)
 A = Elapsed time spent in this place.
 B = Non-inter-level travel time spent in this place.
 C = Inter-level travel time spent in this place.
 D = Time resting spent in this place.
 E = Time spent auto-exploring this place.
 F = Levels seen in this place.
 G = Mean time per level.
                   A        B        C        D        E       F      G
               +--------+--------+--------+--------+--------+-----+--------+
         Total |    578 |    551 |     27 |      0 |    373 |   4 |  144.5 |
       Dungeon |    578 |    551 |     27 |      0 |    373 |   4 |  144.5 |
               +--------+--------+--------+--------+--------+-----+--------+

Top non-repeatable levels by time:
     D:1: 407 daAuts
     D:2: 121 daAuts
     D:4: 46 daAuts
     D:3: 2 daAuts
